 Dungeon Crawl Stone Soup version 0.27-a0-40-g5f2be0e231 (webtiles) character file.

Game seed: 5167984865797425503

1274 Essalna the Gusty (level 8, 0/45 HPs)
             Began as a Tengu Air Elementalist on Jan 5, 2021.
             Was an Initiate of Vehumet.
             Succumbed to Caminho's ghost's toxic radiance
             ... on level 5 of the Dungeon.
             The game lasted 00:16:24 (6612 turns).

Essalna the Gusty (Tengu Air Elementalist)          Turns: 6612, Time: 00:16:24

Health: 0/45       AC:  4    Str:  9    XL:     8   Next: 53%
Magic:  9/16       EV: 17    Int: 18    God:    Vehumet [......]
Gold:   304        SH:  0    Dex: 16    Spells: 1/16 levels left

rFire    . . .     SeeInvis +   m - +1 short sword (speed)
rCold    . . .     Faith    .   (no shield)
rNeg     . . .     Spirit   .   a - +0 robe
rPois    .         Reflect  .   (helmet restricted)
rElec    .         Harm     .   (no cloak)
rCorr    .         Rampage  .   (no gloves)
Will     .....                  (boots unavailable)
Stlth    ++........             (no amulet)
HPRegen  0.15/turn              k - ring of see invisible
MPRegen  0.15/turn              w - ring of wizardry

@: lethally poisoned (0 -> -9), attractive
A: beak, talons 3, repulsion field 2, molten scales 1, agile 1, able to fly
a: Fly, Renounce Religion


You were on level 5 of the Dungeon.
You worshipped Vehumet.
Vehumet was noncommittal.
You visited 2 branches of the dungeon, and saw 6 of its levels.

You collected 304 gold pieces.

Inventory:

Hand Weapons
 m - a +1 short sword of speed (weapon)
Armour
 a - a +0 robe (worn)
Jewellery
 k - a ring of see invisible (left hand)
 l - a +6 ring of strength
 w - a ring of wizardry (right hand)
Wands
 d - a wand of digging (4)
 o - a wand of polymorph (19)
 q - a wand of paralysis (5)
Scrolls
 b - 10 scrolls of identify {unknown}
 c - 5 scrolls of remove curse {unknown}
 e - a scroll of enchant armour {unknown}
 f - a scroll of random uselessness {unknown}
 g - 4 scrolls of amnesia {unknown}
 h - a scroll of fog {unknown}
 i - 5 scrolls of teleportation {unknown}
 n - a scroll of blinking {unknown}
 t - a scroll of magic mapping {unknown}
Potions
 s - a potion of invisibility {unknown}
 u - a potion of lignification {unknown}
 v - a potion of flight {unknown}


   Skills:
 + Level 2.8 Fighting
 + Level 3.0 Armour
 + Level 4.0 Dodging
 - Level 2.0 Stealth
 + Level 4.7 Spellcasting
 + Level 6.4 Conjurations
 + Level 7.6 Air Magic


You had one spell level left.
You knew the following spells:

 Your Spells              Type           Power        Failure   Level
a - Shock                 Conj/Air       100%         1%          1
b - Swiftness             Air            31%          1%          2
c - Static Discharge      Conj/Air       29%          1%          3
d - Airstrike             Air            15%          2%          4
e - Lightning Bolt        Conj/Air       14%          9%          5

Your spell library contained the following spells:

 Spells                   Type           Power        Failure   Level


Dungeon Overview and Level Annotations

Branches:
Dungeon (5/15)             Temple (1/1) D:4

Altars:
Ashenzari
Fedhas
Hepliaklqana
Okawaru
Sif Muna
Trog
Uskayaw
Vehumet
Wu Jian

Annotations:
D:5 Caminho's ghost, amateur GnVM


Innate Abilities, Weirdness & Mutations

You have a beak for a mouth.
You have claws for feet.
You can fly continuously.
You are surrounded by a moderate repulsion field. (EV +3)
You are partially covered in molten scales. (AC +2)
You are agile. (Dex +2)


Message History

You are poisoned.
You are engulfed in noxious fumes.
* * * LOW HITPOINT WARNING * * *
You feel less confused.
You feel sick.
* * * LOW HITPOINT WARNING * * *
You are more poisoned.
It was a potion of mutation.
You feel extremely strange.
You begin to radiate repulsive energy.
Molten scales grow over part of your body.
You feel agile.
Your repulsive radiation grows stronger.
You are engulfed in noxious fumes.
* * * LOW HITPOINT WARNING * * *
You are lethally poisoned!
Caminho's ghost hits you.
* * * LOW HITPOINT WARNING * * *
It was a potion of attraction.
You feel attractive to monsters.
You die...

#...........####.#...........
#...........# #.#...........
#..........### #.............
#....[.......# ###...........
#..........#.# ##..##.#....
#.........##.# ##..#......
#..........#.# ##.#...##.
#..........)W#### #..)..##.
#..........#@...######....###
#######......).##.#..(#..)..#..##
#.....#...<....##...#(..###.....#
#/≈≈≈≈'.^.....#####.........#.#.#
#.....#......## #...(..)#..#.#)#
############## #.#####....#.#..
#.# ###.# ##......[÷ #.# #...#
##...##.##. #.# ##)###
#..#..#...#


You could see Caminho's ghost (toxic aura).

Vanquished Creatures
  A sky beast (D:5)
  2 phantoms
  3 centaurs (D:5)
  A big kobold (D:3)
  A scorpion (D:4)
  A bullfrog zombie (D:5)
  3 orc wizards
  3 orc priests
  2 bullfrog skeletons
  A hound (D:4)
  Ijyb (D:4)
  2 iguanas (D:4)
  2 worker ants (D:4)
  4 adders
  7 gnolls
  A shadow imp (D:5)
  4 worms
  A dart slug (D:1)
  4 leopard geckos
  19 orcs
  A giant cockroach (D:5)
  9 goblins
  9 hobgoblins
  4 jackals (D:5)
  3 quokkas
  2 ball pythons
  11 bats
  5 frilled lizards
  A jackal skeleton (D:5)
  A jackal zombie (D:5)
  13 kobolds
  7 rats
129 creatures vanquished.

Notes
Turn   | Place    | Note
-------+----------+-------------------------------------------
     0 | D:1      | Essalna the Tengu Air Elementalist began the quest for the
                  | Orb.
     0 | D:1      | Reached XP level 1. HP: 10/10 MP: 4/4
   172 | D:1      | Reached XP level 2. HP: 15/15 MP: 0/6
   936 | D:2      | Reached XP level 3. HP: 19/19 MP: 5/7
  1999 | D:3      | Reached XP level 4. HP: 24/24 MP: 5/9
  2042 | D:3      | Reached skill level 5 in Air Magic
  2045 | D:3      | Learned a level 2 spell: Swiftness
  2049 | D:3      | Learned a level 3 spell: Static Discharge
  2249 | D:3      | Noticed a big kobold
  2362 | D:3      | Killed a big kobold
  2363 | D:3      | Gained mutation: You can fly continuously. [Tengu growth]
  2363 | D:3      | Reached XP level 5. HP: 18/28 MP: 0/10
  3147 | D:4      | Noticed Ijyb
  3159 | D:3      | Reached XP level 6. HP: 19/32 MP: 4/12
  3357 | D:4      | HP: 1/32 [hound (1)]
  3358 | D:4      | Reached skill level 6 in Air Magic
  3524 | D:4      | Killed Ijyb
  3691 | D:4      | Found a staircase to the Ecumenical Temple.
  3725 | D:4      | Reached skill level 5 in Conjurations
  3774 | D:4      | Reached XP level 7. HP: 9/37 MP: 0/13
  4198 | D:4      | Reached skill level 1 in Fighting
  4198 | D:4      | Reached skill level 1 in Armour
  4987 | Temple   | Entered the Ecumenical Temple
  5025 | Temple   | Became a worshipper of Vehumet
  5057 | D:5      | Entered Level 5 of the Dungeon
  5144 | D:5      | Found a runed translucent door.
  5230 | D:5      | Reached skill level 7 in Air Magic
  5515 | D:5      | Reached XP level 8. HP: 6/44 MP: 9/15
  5725 | D:5      | Learned a level 4 spell: Airstrike
  6231 | D:5      | Found a bloodstained altar of Trog.
  6349 | D:5      | Learned a level 5 spell: Lightning Bolt
  6371 | D:5      | Found an ornate altar of the Wu Jian Council.
  6585 | D:5      | Noticed Caminho's ghost (amateur GnVM)
  6611 | D:5      | Gained mutation: You are surrounded by a mild repulsion
                  | field. (EV +2) [potion of mutation]
  6611 | D:5      | Gained mutation: You are partially covered in molten
                  | scales. (AC +2) [potion of mutation]
  6611 | D:5      | Gained mutation: You are agile. (Dex +2) [potion of
                  | mutation]
  6611 | D:5      | Gained mutation: You are surrounded by a moderate repulsion
                  | field. (EV +3) [potion of mutation]
  6611 | D:5      | HP: 1/45 [Caminho's ghost (6)]
  6612 | D:5      | Succumbed to Caminho's ghost's toxic radiance

Illustrated notes

Levels and vault maps discovered:
D:1:      erik_arrival_triangle_huge, layout_basic, minmay_misc_feat_rugged
D:2:      layout_loops_ring
D:3:      cheibrodos_thug_alley, layout_basic
D:4:      layout_loops_ring, minmay_temple_entry_statues_fountains,
          chequers_serial_rivers_small_b, uniq_ijyb
D:5:      layout_rooms, pdpol_wu_jian_five_deadly_venoms,
          ebering_ghost_reflecting_pool, trog_three_pillars_becter
Temple:   bh_familiar_temple

Skill      XL: |  1  2  3  4  5  6  7  8 |
---------------+-------------------------+-----
Conjurations   | 2 3 4 5 6 |  6.4
Air Magic      | 5 6 7 |  7.6
Spellcasting   | 3 4 |  4.7
Fighting       | 2 |  2.8
Armour         | 2 3 |  3.0
Dodging        | 3 4 |  4.0
Stealth        | |  2.0

Action                   |  1- 3 |  4- 6 |  7- 9 || total
-------------------------+-------+-------+-------++-------
Melee: Unarmed           |     7 |       |       ||     7
       Kick              |     2 |     6 |     1 ||     9
       Peck              |     2 |       |     1 ||     3
       Short sword       |       |    24 |     3 ||    27
 Cast: Shock             |    75 |   103 |   135 ||   313
       Static Discharge  |       |     2 |       ||     2
       Airstrike         |       |       |     5 ||     5
  Use: Potion            |     2 |       |     3 ||     5
 Stab: Sleeping          |     1 |       |       ||     1
Armor: Robe              |     1 |     1 |     1 ||     3
Dodge: Dodged            |     6 |    24 |    19 ||    49

Table legend: (Time is in decaauts)
 A = Elapsed time spent in this place.
 B = Non-inter-level travel time spent in this place.
 C = Inter-level travel time spent in this place.
 D = Time resting spent in this place.
 E = Time spent auto-exploring this place.
 F = Levels seen in this place.
 G = Mean time per level.
                   A        B        C        D        E       F      G
               +--------+--------+--------+--------+--------+-----+--------+
         Total |   6589 |   6331 |    258 |     83 |   5489 |   6 | 1098.2 |
       Dungeon |   6531 |   6295 |    236 |     83 |   5456 |   5 | 1306.2 |
        Temple |     57 |     35 |     22 |      0 |     33 |   1 |   57.0 |
               +--------+--------+--------+--------+--------+-----+--------+

Top non-repeatable levels by time:
     D:4: 1767 daAuts
     D:3: 1694 daAuts
     D:5: 1490 daAuts
     D:1: 916 daAuts
     D:2: 663 daAuts
  Temple: 57 daAuts
